 Dungeon Crawl Stone Soup version 0.30-a0-242-g7bf8e6d787 (webtiles) character file.

Game seed: 74902205020973697

746 gelatine the Covered (level 7, -1/63 HPs)
             Began as an Armataur Fighter on Oct 11, 2022.
             Slain by an ogre
             ... wielding a +0 giant spiked club
              (25 damage)
             ... on level 5 of the Dungeon.
             The game lasted 00:09:26 (3294 turns).

gelatine the Covered (Armataur Fighter)             Turns: 3294, Time: 00:09:27

Health: -1/63      AC:  8    Str: 21    XL:     7   Next: 48%
Magic:  7/7        EV:  8    Int:  8    God:
Gold:   264        SH:  5    Dex: 12    Spells: 6/6 levels left

rFire   . . .      SeeInvis .    a - +0 flail
rCold   . . .      Faith    .    c - +0 buckler
rNeg    . . .      Spirit   .    b - +0 scale mail
rPois   .          Reflect  .    l - +0 helmet
rElec   .          Harm     .    (no cloak)
rCorr   .          Roll     +    (no gloves)
Will    +....                    (no barding)
Stlth   ..........               s - amulet of regeneration
HPRegen 0.30/turn                o - ring of willpower
MPRegen 0.10/turn                (no ring)

@: about to teleport
A: large, rugged brown scales 3, deformed body, armoured tail, roll, long
tongue, awkward tongue
a: no special abilities


You were on level 5 of the Dungeon.
You visited 1 branch of the dungeon, and saw 5 of its levels.

You collected 264 gold pieces.

Inventory:

Hand Weapons
 a - a +0 flail (weapon)
Missiles
 r - 2 silver javelins (quivered)
Armour
 b - a +0 scale mail (worn)
 c - a +0 buckler (worn)
 l - a +0 helmet (worn)
Jewellery
 m - a ring of fire
 o - a ring of willpower (left hand)
 p - a ring of ice
 s - an amulet of regeneration (around neck)
Scrolls
 f - 4 scrolls of teleportation
 g - 3 scrolls of butterflies {unknown}
 i - 4 scrolls of identify {unknown}
 j - 2 scrolls of vulnerability {unknown}
 k - a scroll of brand weapon {unknown}
Potions
 d - a potion of invisibility {unknown}
 e - a potion of resistance
 h - 4 potions of curing
 n - a potion of ambrosia {unknown}
 q - a potion of might


   Skills:
 + Level 4.0 Fighting
 + Level 4.8 Maces & Flails
 + Level 5.7 Armour
 * Level 2.3 Dodging
 + Level 0.3 Stealth
 + Level 4.4 Shields


You had 6 spell levels left.
You didn't know any spells.
Your spell library contained the following spells:

 Spells                   Type           Power      Damage    Failure   Level
 Beastly Appendage        Tmut           0%         N/A       80%         1
 Wereblood                Tmut           0%         N/A       90%         2
 Spider Form              Tmut/Pois      0%         N/A       99%         3


Dungeon Overview and Level Annotations

Branches:
Dungeon (5/15)
 Temple: D:4-7

Altars:
Hepliaklqana

Shops:
D:1 !   D:3 [   D:4 (


Innate Abilities, Weirdness & Mutations

You are completely covered in rugged brown scales. (AC +3, +7% HP)
Armour fits poorly on your strangely shaped body.
You have a long armoured tail.
You roll when moving toward enemies. (Rampage)
Your long tongue fully drains potion bottles. (2x potion effects)
Your tongue gives you trouble enunciating. (1.5x scroll delay)


Message History

An orc comes into view. It is wielding a +0 dagger.
The orc shouts!
You block the orc wizard's attack.
You closely miss the orc wizard. The orc hits you with a +0 club.
The orc hits you with a +0 dagger.
The orc wizard hits you but does no damage.
You completely miss the orc wizard. The orc hits you with a +0 club.
The orc wizard hits you with a +2 dagger of electrocution.
You are electrocuted!
* * * LOW HITPOINT WARNING * * *
The orc barely misses you.
The orc wizard attacks as you move away!
The orc wizard hits you but does no damage.
The orc attacks as you move away! The orc hits you with a +0 club.
* * * LOW HITPOINT WARNING * * *
The orc wizard attacks as you move away!
The orc wizard closely misses you.
The orc wizard gestures wildly while chanting.
The orc wizard flickers and vanishes!
Deactivating autopickup; reactivate with Ctrl-A.
Items here: ( )) ? [[ †.
You sock the orc!
You kill the orc!
Something hits you but does no damage.
Something unexpectedly blocked you, preventing you from rolling!
You miss something.
Your tail-slap misses something.
You hear some strange, mumbled words.
A puff of flame appears from out of thin air!
The puff of flame hits you.
* * * LOW HITPOINT WARNING * * *
Something hits you.
* * * LOW HITPOINT WARNING * * *
The ogre attacks as you move away!
The ogre hits you with a +0 giant spiked club!
* * * LOW HITPOINT WARNING * * *
You feel better.
As you read the scroll of teleportation, it crumbles to dust.
You feel strangely unstable.
The ogre hits you with a +0 giant spiked club!!
You die...

#...#
..#########'###..
######...##..##
#####..## ..
...............
#.......# (
...............
#.......#
.....>.........
#.......#
...............
+.......#
#..########..##..##
#..##.##.##..##..#
#..o)@............#
#...O{............#
#.................#
#.....##..##.###..#
#.....######.# ..#
+...... ... ..
#......# ...
#...#### .##


You could see an ogre and an orc.

Vanquished Creatures
  Sigmund (D:2)
  A water moccasin (D:5)
  An ogre (D:2)
  The ghost of gelatine the Gusty, an amateur TeAE (D:3)
  A scorpion (D:4)
  A bullfrog zombie (D:3)
  2 hounds
  An iguana (D:4)
  Terence (D:2)
  A howler monkey skeleton (D:3)
  2 adders
  4 worms (D:2)
  2 dart slugs
  4 orcs
  5 bats
  6 endoplasms
  A giant cockroach (D:3)
  7 goblins
  7 hobgoblins
  2 jackals (D:3)
  2 quokkas
  9 ball pythons
  4 frilled lizards
  2 kobolds (D:1)
  5 rats
73 creatures vanquished.

Notes
Turn   | Place    | Note
-------+----------+-------------------------------------------
     0 | D:1      | gelatine the Armataur Fighter began the quest for the Orb.
     0 | D:1      | Reached XP level 1. HP: 19/19 MP: 1/1
   178 | D:1      | Reached XP level 2. HP: 22/26 MP: 2/2
   179 | D:1      | Reached skill level 4 in Armour
   262 | D:1      | Found a faded altar of an unknown god.
   291 | D:1      | Found Lureze's Distillery.
   738 | D:2      | Reached XP level 3. HP: 31/33 MP: 3/3
   901 | D:2      | Noticed Terence
   926 | D:2      | Killed Terence
   943 | D:2      | Reached XP level 4. HP: 23/40 MP: 4/4
  1188 | D:2      | Noticed an ogre
  1197 | D:2      | Killed an ogre
  1198 | D:2      | Reached skill level 1 in Dodging
  1198 | D:2      | Reached XP level 5. HP: 13/48 MP: 5/5
  1370 | D:2      | Noticed Sigmund
  1390 | D:2      | Killed Sigmund
  1391 | D:2      | Reached skill level 5 in Armour
  1391 | D:2      | Reached XP level 6. HP: 26/55 MP: 6/6
  1609 | D:3      | Found Iruirot's Armour Boutique.
  1968 | D:3      | Found a hazy altar of Hepliaklqana.
  2033 | D:3      | Found a runed translucent gate.
  2033 | D:3      | Found a runed translucent gate.
  2033 | D:3      | Found a runed translucent gate.
  2037 | D:3      | Noticed gelatine's ghost (amateur TeAE)
  2058 | D:3      | Killed gelatine's ghost
  2466 | D:4      | Reached XP level 7. HP: 45/62 MP: 7/7
  2624 | D:4      | Found Hilliz's Weapon Boutique.
  3150 | D:5      | Entered Level 5 of the Dungeon
  3292 | D:5      | HP: 1/63 [ogre/+0 giant spiked club (14)]
  3294 | D:5      | Slain by an ogre

Illustrated notes

Levels and vault maps discovered:
D:1:      onia_arrival_mini_spirals, layout_rooms, serial_shops,
          nicolae_shop_behind_doors, hellmonk_ecumenical_altar_leap_of_faith,
          chequers_serial_rivers_large_a, st_stairs_5
D:2:      layout_loops_ring, serial_glass, glass_columns_c, glass_columns_a,
          glass_columns_b, glass_columns_a, glass_columns_b, uniq_terence,
          uniq_sigmund
D:3:      layout_basic, mainiacjoe_overflow_brackets,
          gammafunk_ghost_necromancy, serial_shops, nicolae_diamond_shop
D:4:      layout_rooms, serial_shops, nicolae_shop_bloodbath_and_beyond,
          nicolae_concentric_dashed_squares_wild
D:5:      layout_gridville, serial_shops, nicolae_shop_advertising_works
          [nicolae_subvault_shop_adworks]

Skill      XL: |  1  2  3  4  5  6  7 |
---------------+----------------------+-----
Armour         | 4 5 |  5.7
Fighting       | 3 4 |  4.0
Maces & Flails | 2 3 4 |  4.8
Dodging        | 1 2 |  2.3
Shields        | 4 |  4.4
Stealth        | |  0.3

Action                   |  1- 3 |  4- 6 |  7- 9 || total
-------------------------+-------+-------+-------++-------
Melee: Flail             |   106 |    86 |    68 ||   260
       Tailslap          |     9 |    14 |     8 ||    31
  Use: Scroll            |     1 |       |     1 ||     2
       Potion            |       |     3 |     1 ||     4
Armor: Scale mail        |    49 |    32 |    40 ||   121
Dodge: Dodged            |    31 |    25 |    39 ||    95
Block: Buckler           |    16 |    16 |    19 ||    51

Table legend: (Time is in decaauts)
 A = Elapsed time spent in this place.
 B = Non-inter-level travel time spent in this place.
 C = Inter-level travel time spent in this place.
 D = Time resting spent in this place.
 E = Time spent auto-exploring this place.
 F = Levels seen in this place.
 G = Mean time per level.
                   A        B        C        D        E       F      G
               +--------+--------+--------+--------+--------+-----+--------+
         Total |   3375 |   3216 |    159 |      0 |   2511 |   5 |  675.0 |
       Dungeon |   3375 |   3216 |    159 |      0 |   2511 |   5 |  675.0 |
               +--------+--------+--------+--------+--------+-----+--------+

Top non-repeatable levels by time:
     D:2: 994 daAuts
     D:3: 776 daAuts
     D:4: 755 daAuts
     D:1: 700 daAuts
     D:5: 148 daAuts
